 Dungeon Crawl Stone Soup version 0.28-a0-863-g8cecda6153 (webtiles) character file.

Game seed: 6595887213054991186

143 sanka the Chopper (level 5, -8/43 HPs)
             Began as a Palentonga Abyssal Knight on Nov 16, 2021.
             Was a Follower of Lugonu.
             Killed from afar by an orc wizard (10 damage)
             ... with a magic dart
             ... on level 4 of the Dungeon.
             The game lasted 00:05:04 (5158 turns).

sanka the Chopper (Palentonga Abyssal Knight)       Turns: 5158, Time: 00:05:05

Health: -8/43      AC:  4    Str: 18    XL:     5   Next: 4%
Magic:  6/6        EV:  9    Int: 10    God:    Lugonu [*.....]
Gold:   127        SH:  0    Dex: 10    Spells: 4/4 levels left

rFire   . . .      SeeInvis +   a - +1 hand axe
rCold   . . .      Faith    .   (no shield)
rNeg    . . .      Spirit   .   b - +0 leather armour
rPois   .          Reflect  .   (no helmet)
rElec   .          Harm     .   (no cloak)
rCorr   .          Rampage  .   (no gloves)
Will    .....                   (no barding)
Stlth   +.........              (no amulet)
HPRegen 0.14/turn               (no ring)
MPRegen 0.10/turn               (no ring)

@: brilliant
A: large, rugged brown scales 3, see invisible, deformed body, roll 1, armoured
tail
a: Rolling Charge, Renounce Religion, Depart the Abyss


You were on level 4 of the Dungeon.
You worshipped Lugonu.
Lugonu was aware of your devotion.
You visited 1 branch of the dungeon, and saw 4 of its levels.
You visited the Abyss 1 time.

You collected 127 gold pieces.


Innate Abilities, Weirdness & Mutations

You are completely covered in rugged brown scales. (AC +3, +7% HP)
You have supernaturally acute eyesight. (SInv)
Armour fits poorly on your strangely shaped body.
You can roll at nearby foes to attack.
You have a long armoured tail.


   Skills:
 - Level 3.0 Fighting
 + Level 5.3 Axes
 - Level 1.5 Armour
 - Level 0.7 Dodging
 - Level 2.0 Invocations


You had 4 spell levels left.
You didn't know any spells.
Your spell library contained the following spells:

 Spells                   Type           Power      Damage    Failure   Level
 Summon Small Mammal      Summ           0%         N/A       41%         1
 Call Canine Familiar     Summ           0%         N/A       80%         3
 Summon Guardian Golem    Hex/Summ       0%         N/A       80%         3

Inventory:

Hand Weapons
 a - a +1 hand axe (weapon)
 h - a +2 dagger of draining
Armour
 b - a +0 leather armour (worn)
Wands
 i - a wand of flame (11)
Scrolls
 g - 3 scrolls of enchant weapon {unknown}
 j - a scroll of amnesia {unknown}
 k - a scroll of immolation {unknown}
 m - a scroll of blinking {unknown}
 n - a scroll of identify {unknown}
 o - a scroll of vulnerability {unknown}
Potions
 c - 2 potions of curing {@q1}
 e - a potion of might {unknown}
 f - a potion of mutation {unknown}
 l - a potion of heal wounds {unknown}

Dungeon Overview and Level Annotations

Branches:
Dungeon (4/15)
 Temple: D:4-7

Altars:

Shops:
D:1

( ... £... ...
▒▒... .▒ ..
▒... ..▒▒. ...▒
▒...▒▒...▒▒▒▒▒▒
▒....▒..▒.....
▒.).........
▒........▒
▒▒....▒▒▒▒
▒▒▒▒▒▒


You could see an orc wizard (invisible) and 2 orcs.


Message History

You hit the orc wizard but do no damage.
You barely miss the orc. The orc barely misses you.
The orc wizard casts a spell at you. The puff of flame hits you.
* * * LOW HITPOINT WARNING * * *
The orc hits you but does no damage.
You slash the orc!
You kill the orc!
Lugonu accepts your kill.
You hit the orc wizard. You barely miss the orc. The orc barely misses you.
The orc wizard hits you but does no damage.
Unknown command.
The orc hits you with a +0 flail.
* * * LOW HITPOINT WARNING * * *
The orc wizard gestures at you while chanting.
The puff of flame hits you.
* * * LOW HITPOINT WARNING * * *
The orc hits you with a +0 mace.
* * * LOW HITPOINT WARNING * * *
Unknown command.
It was a potion of brilliance.
You feel clever all of a sudden. The orc hits you with a +0 flail.
* * * LOW HITPOINT WARNING * * *
The orc wizard casts a spell at you. The magic dart hits you!
You die...

Action                   |  1- 3 |  4- 6 || total
-------------------------+-------+-------++-------
Melee: Hand axe          |   106 |    85 ||   191
       Tailslap          |    14 |     9 ||    23
Invok: Depart the Abyss  |     1 |       ||     1
 Abil: Rolling Charge    |     1 |     1 ||     2
  Use: Potion            |       |     4 ||     4
Armor: Leather armour    |    31 |    20 ||    51
Dodge: Dodged            |    41 |    33 ||    74

Levels and vault maps discovered:
D:1:      eino_arrival_cavern_c, layout_basic, serial_shops,
          nicolae_shop_waterfront
D:2:      layout_loops_ring, hellmonk_ecumenical_altar_run_dry,
          kennysheep_nondescript
D:3:      layout_loops_ring
D:4:      layout_cave_pools, hellmonk_ghost_happy_afterlife,
          kennysheep_generic_room_14

Notes
Turn   | Place    | Note
-------+----------+-------------------------------------------
     0 | Abyss:1  | sanka the Palentonga Abyssal Knight began the quest for the
                  | Orb.
     0 | Abyss:1  | Reached XP level 1. HP: 19/19 MP: 2/2
     1 | Abyss:1  | Found a corrupted altar of Lugonu.
    44 | Abyss:1  | Noticed an Executioner
    47 | D:1      | Escaped the Abyss
   385 | D:1      | Reached * piety under Lugonu
   399 | D:1      | Reached XP level 2. HP: 25/25 MP: 3/3
   576 | D:1      | Reached skill level 3 in Axes
  1030 | D:1      | Found Guodic Gogua's Antique Weapon Boutique.
  1410 | D:1      | Reached XP level 3. HP: 12/31 MP: 4/4
  1934 | D:2      | Reached skill level 4 in Axes
  2310 | D:2      | Found a faded altar of an unknown god.
  2872 | D:3      | Reached XP level 4. HP: 31/35 MP: 5/5
  4602 | D:4      | Reached skill level 5 in Axes
  4604 | D:4      | Noticed a black bear
  4658 | D:3      | Reached ** piety under Lugonu
  5049 | D:3      | Reached XP level 5. HP: 31/43 MP: 6/6
  5157 | D:4      | HP: 4/43 [orc (5)]
  5158 | D:4      | Killed from afar by an orc wizard

Vanquished Creatures
  6 gnolls
  An adder (D:3)
  A worm (D:2)
  2 dart slugs (D:2)
  8 orcs
  5 endoplasms
  2 giant cockroaches
  2 goblins
  4 hobgoblins
  2 jackals (D:1)
  3 quokkas
  4 ball pythons
  7 bats
  2 frilled lizards
  8 kobolds
  3 rats
60 creatures vanquished.
